 Dungeon Crawl Stone Soup version 0.30.1-4-g462c640d31 (webtiles) character file.

Game seed: 16904675103234588369

112782 spardeous the Severer (level 16, -4/158 HPs)
             Began as a Minotaur Berserker on Aug 22, 2023.
             Was a High Priest of Trog.
             Slain by a shock serpent (14 damage)
             ... on level 2 of the Snake Pit.
             The game lasted 00:45:41 (28458 turns).

spardeous the Severer (Minotaur Berserker)         Turns: 28458, Time: 00:45:43

Health: -4/158     AC: 23    Str: 28    XL:     16   Next: 12%
Magic:  15/15      EV: 13    Int:  4    God:    Trog [*****.]
Gold:   1879       SH:  0    Dex: 12    Spells: 15/15 levels left

rFire   . . .        r - +6 battleaxe (heavy)
rCold   . . .        (shield currently unavailable)
rNeg    . . .        o - +2 ring mail {rPois}
rPois   +            P - +1 hat {SInv}
rElec   .            m - +0 cloak
rCorr   .            G - +0 pair of gloves
SInv    +            v - +0 pair of boots
Will    +....        (no amulet)
Stlth   ++           q - +4 ring of protection
HPRegen 0.46/turn    u - +4 ring of protection
MPRegen 0.14/turn

%: no passive effects
@: constricted
A: horns 2, retaliatory headbutt
a: Renounce Religion, Berserk, Trog's Hand, Brothers in Arms


You were on level 2 of the Snake Pit.
You worshipped Trog.
Trog was extremely pleased with you.
You visited 4 branches of the dungeon, and saw 24 of its levels.

You collected 2791 gold pieces.
You spent 912 gold pieces at shops.

Inventory:

Hand Weapons
 r - a +6 heavy battleaxe (weapon)
 w - the +4 hand axe "Ichal" {spect, rPois}
   (You found it on level 2 of the Lair of Beasts)

   rPois:     It protects you from poison.
 N - the +5 scythe "Finisher" {speed, execute}
   (You took it off an orc on level 7 of the Dungeon)
 Q - a +6 vampiric battleaxe
 W - a +2 battleaxe of flaming
Armour
 i - a +0 tower shield
 l - a +0 chain mail
 m - a +0 cloak (worn)
 o - a +2 ring mail of poison resistance (worn)
 v - a +0 pair of boots (worn)
 G - a +0 pair of gloves (worn)
 P - a +1 hat of see invisible (worn)
Jewellery
 b - a +6 ring of intelligence
 q - a +4 ring of protection (left hand)
 u - a +4 ring of protection (right hand)
 K - an amulet of magic regeneration
 M - a +5 ring of evasion
 T - a ring of see invisible
 X - the ring of Wehameeg {rN+ rCorr Slay+2}
   (You found it on level 13 of the Dungeon)

   [ring of resist corrosion]

   Slay:      It affects your accuracy & damage with ranged weapons and melee
   (+2).
   rN:        It protects you from negative energy.
   rCorr:     It protects you from acid and corrosion.
Wands
 e - a wand of roots (6)
 D - a wand of polymorph (25)
 I - a wand of mindburst (41)
 L - a wand of paralysis (31)
 O - a wand of quicksilver (22)
 S - a wand of digging (11)
Scrolls
 a - 3 scrolls of brand weapon
 d - 6 scrolls of enchant armour
 g - 4 scrolls of immolation
 k - 4 scrolls of enchant weapon
 p - 2 scrolls of magic mapping
 y - a scroll of poison
 E - a scroll of summoning
 F - 9 scrolls of teleportation
 H - 2 scrolls of blinking
 J - 2 scrolls of acquirement
 R - a scroll of vulnerability
 U - 4 scrolls of fog
 V - 4 scrolls of fear
Potions
 c - 2 potions of ambrosia
 f - 9 potions of heal wounds
 h - a potion of magic
 j - 2 potions of cancellation
 n - 7 potions of mutation
 s - 5 potions of lignification
 t - 4 potions of attraction
 x - 13 potions of curing
 z - 6 potions of flight
 A - 2 potions of berserk rage
 B - 3 potions of haste
 C - a potion of might
 Y - 2 potions of resistance
 Z - a potion of invisibility


   Skills:
 - Level 18.3 Fighting
 - Level 20.3 Axes
 + Level 13.7 Armour
 - Level 12.0 Dodging
 - Level 6.0 Stealth
 - Level 10.0 Shields


You had 15 spell levels left.
You didn't know any spells.
Your spell library contained the following spells:

 Spells                   Type           Power      Damage    Failure   Level
 Beastly Appendage        Tmut           0%         N/A       58%         1
 Sting                    Tmut/Pois      0%         1d3       58%         1
 Sublimation of Blood     Necr           0%         N/A       75%         2
 Wereblood                Tmut           0%         N/A       75%         2
 Irradiate                Conj/Tmut      0%         3d11      100%        5
 Yara's Violent Unravell  Hex/Tmut       0%         3d3       100%        5
 Statue Form              Tmut/Erth      0%         N/A       100%        6
 Summon Hydra             Summ           0%         N/A       100%        7


Dungeon Overview and Level Annotations

Branches:
Dungeon (15/15)            Temple (0/1) D:5            Lair (5/5) D:8
 Shoals (0/4) Lair:2        Snake (2/4) Lair:3        Slime (0/5) Lair:4
    Orc (2/2) D:10            Elf (0/3) Orc:2        Vaults (0/5) D:13
 Depths (0/4) D:15

Altars:
Dithmenos
Elyvilon
Fedhas
Hepliaklqana
Kikubaaqudgha
Makhleb
Nemelex Xobeh
Qazlal
Uskayaw
Vehumet
Wu Jian
Yredelemnul
Zin
Jiyva

Shops:
D:1 *   D:13 :!=[*   Orc:2 =?=*

Annotations:
D:14 1 runed translucent door, Weuhagh's ghost, journeyman KoHu


Innate Abilities, Weirdness & Mutations

You have a pair of horns on your head.
You reflexively headbutt those who attack you in melee.


Message History

Okay, then.
The shock serpent closely misses you. You furiously retaliate!
You headbutt the shock serpent, but do no damage.
The anaconda grabs you.
You stop ascending the stairs.
The anaconda bites you. The anaconda constricts you.
The shock serpent bites you but does no damage.
You take 5 damage, and have 98/158 hp.
Unknown command.
You barely miss the shock serpent. Your headbutt misses the shock serpent.
You slice the anaconda!!
The anaconda bites you but does no damage.
The anaconda constricts you. The shock serpent bites you!
The shock serpent shocks you! The anaconda barely misses you.
The anaconda constricts you. The shock serpent bites you!
* * * LOW HITPOINT WARNING * * *
The shock serpent shocks you!
* * * LOW HITPOINT WARNING * * *
You barely miss the shock serpent. You barely miss the anaconda.
The anaconda bites you.
* * * LOW HITPOINT WARNING * * *
The anaconda constricts you.
* * * LOW HITPOINT WARNING * * *
The shock serpent bites you but does no damage.
The anaconda bites you but does no damage.
The anaconda constricts you.
* * * LOW HITPOINT WARNING * * *
You take 57 damage, and have 41/158 hp.
MASSIVE DAMAGE!!
You chop the shock serpent into pieces!!!
You headbutt the shock serpent!
The shock serpent is almost dead.
You closely miss the anaconda.
The shock serpent's electric aura discharges violently, shocking you!
* * * LOW HITPOINT WARNING * * *
The anaconda bites you but does no damage.
The anaconda constricts you.
* * * LOW HITPOINT WARNING * * *
The shock serpent bites you.
* * * LOW HITPOINT WARNING * * *
The shock serpent shocks you!
You die...

.........#.....
...............
.............#
............#
............
..........# .
.......S.##....
$.!....@.......
.......S.......
...............
.##+##....#....
#..... ...
...?... ..
#..####. . #..#
..


You could see an anaconda and a shock serpent.

Vanquished Creatures
  Rupert (D:15)
  Jorgrun (D:15)
  Frances (D:14)
  7 hydras
  A yaktaur captain (D:13)
  5 centaur warriors
  4 ogre magi (Orc:2)
  2 catoblepae
  A tengu warrior (D:15)
  5 boulder beetles
  6 death yaks
  19 two-headed ogres
  2 naga warriors (Snake:1)
  2 shock serpents (Snake:1)
  Nergalle (Orc:1)
  Sonja (Orc:1)
  2 skysharks
  A lindwurm (Lair:5)
  A naga ritualist (Snake:1)
  4 deep elf pyromancers
  A wizard (D:15)
  A necromancer (D:15)
  6 ugly things
  5 orc sorcerers
  3 manticores
  An oklob plant (Lair:2)
  8 cyclopes
  3 mana vipers (Snake:1)
  A centaur zombie (D:15)
  7 elephants
  Maurice (D:8)
  19 cane toads
  A naga mage (Snake:1)
  3 gargoyles
  2 torpor snails
  11 black mambas
  9 komodo dragons
  2 efreet (D:14)
  An unseen horror (D:12)
  7 rime drakes
  2 tengu conjurers (D:14)
  2 yaktaurs (D:13)
  10 trolls
  6 polar bears
  5 hornets
  10 blink frogs (Lair:4)
  6 dream sheep
  A centaur simulacrum (D:15)
  Sigmund (D:2)
  9 slime creatures
  3 vampires
  2 shadows
  13 spriggans (Lair:5)
  2 wraiths
  A human (D:5)
  4 basilisks
  65 yaks
  2 steam dragons
  A redback simulacrum (D:15)
  Menkaure (D:7)
  5 vampire mosquitoes
  9 nagas
  An acid dragon (D:7)
  15 water moccasins
  2 ice beasts (D:7)
  9 black bears
  14 centaurs
  16 orc warriors
  31 ogres
  4 boggarts (Lair:5)
  A phantom (D:5)
  40 wolves
  4 kobold brigands
  12 bullfrogs
  3 gnoll sergeants
  5 scorpions
  13 wights
  8 killer bees
  2 howler monkeys
  4 electric eels
  5 hounds
  3 jellies
  16 orc priests
  2 gnoll boudas
  3 sleepcaps
  Jessica (D:3)
  Terence (D:2)
  A human skeleton (D:5)
  24 orc wizards
  5 iguanas
  6 hell rats (Lair:5)
  Robin (D:2)
  13 gnolls
  12 adders
  2 shadow imps
  3 white imps
  2 worms
  5 dart slugs
  76 orcs
  8 ball pythons
  2 bats (D:2)
  3 endoplasms
  4 giant cockroaches
  19 goblins
  2 hobgoblins (D:2)
  2 jackals (D:4)
  8 quokkas
  A frilled lizard (D:2)
  A goblin skeleton (D:5)
  21 kobolds
  A kobold zombie (D:5)
  4 rats
760 creatures vanquished.

Vanquished Creatures (collateral kills)
  Roxanne (D:15)
  A catoblepas (Lair:5)
  A basilisk (Lair:5)
3 creatures vanquished.

Vanquished Creatures (others)
  A centaur (D:15)
1 creature vanquished.

Grand Total: 764 creatures vanquished

Notes
Turn   | Place    | Note
-------+----------+-------------------------------------------
     0 | D:1      | spardeous the Minotaur Berserker began the quest for the
                  | Orb.
     0 | D:1      | Reached XP level 1. HP: 19/19 MP: 0/0
   253 | D:1      | Reached skill level 4 in Axes
   287 | D:1      | Found Noavax's General Store.
   697 | D:2      | Reached XP level 2. HP: 24/26 MP: 1/1
   721 | D:2      | Noticed Robin
   885 | D:2      | Killed Robin
   886 | D:2      | Reached skill level 5 in Axes
   886 | D:2      | Reached XP level 3. HP: 31/31 MP: 2/2
  1099 | D:2      | Reached ** piety under Trog
  1184 | D:2      | Noticed Terence
  1195 | D:2      | Killed Terence
  1196 | D:2      | Reached skill level 6 in Axes
  1196 | D:2      | Reached XP level 4. HP: 39/39 MP: 3/3
  1368 | D:2      | Noticed Sigmund
  1391 | D:2      | Killed Sigmund
  1392 | D:2      | Reached skill level 8 in Axes
  1392 | D:2      | Reached XP level 5. HP: 45/45 MP: 4/4
  2028 | D:3      | Reached XP level 6. HP: 51/51 MP: 5/5
  2379 | D:3      | Noticed Jessica
  2385 | D:3      | Killed Jessica
  2904 | D:4      | Reached skill level 5 in Armour
  3030 | D:4      | Reached XP level 7. HP: 55/57 MP: 6/6
  3639 | D:4      | Found a hazy altar of Hepliaklqana.
  3639 | D:4      | Found a shadowy altar of Dithmenos.
  3641 | D:4      | Noticed a shadow
  3733 | D:5      | Entered Level 5 of the Dungeon
  3761 | D:5      | Reached *** piety under Trog
  3808 | D:5      | Found a staircase to the Ecumenical Temple.
  3811 | D:5      | Noticed a steam dragon
  3829 | D:5      | Killed a steam dragon
  3830 | D:5      | Reached skill level 5 in Dodging
  3969 | D:5      | Reached XP level 8. HP: 64/64 MP: 7/7
  4329 | D:5      | Found a sparkling altar of Nemelex Xobeh.
  4453 | D:5      | Found a runed translucent door.
  4455 | D:5      | Found a basalt altar of Yredelemnul.
  4478 | D:5      | Reached skill level 5 in Fighting
  4775 | D:6      | Found a hide-covered altar of Uskayaw.
  5019 | D:6      | Reached XP level 9. HP: 59/79 MP: 8/8
  5959 | D:1      | Bought a potion of mutation for 88 gold pieces
  5959 | D:1      | Bought a scroll of identify for 22 gold pieces
  5959 | D:1      | Bought a scroll of enchant armour for 82 gold pieces
  5959 | D:1      | Bought a scroll of blinking for 82 gold pieces
  6318 | D:7      | Reached **** piety under Trog
  6325 | D:7      | Reached skill level 9 in Axes
  6371 | D:7      | Reached skill level 10 in Axes
  6575 | D:7      | Noticed a deep elf pyromancer
  6588 | D:7      | Killed a deep elf pyromancer
  6589 | D:7      | Reached skill level 11 in Axes
  6636 | D:7      | Noticed a troll
  6641 | D:7      | Reached XP level 10. HP: 69/90 MP: 9/9
  6658 | D:7      | Reached skill level 12 in Axes
  6969 | D:7      | Found a glowing silver altar of Zin.
  6979 | D:7      | Found an ornate altar of the Wu Jian Council.
  6994 | D:7      | Found a blossoming altar of Fedhas.
  7004 | D:7      | Found a stormy altar of Qazlal.
  7162 | D:7      | Noticed Menkaure
  7169 | D:7      | Killed Menkaure
  7537 | D:8      | Noticed Maurice
  7600 | D:8      | Killed Maurice
  7601 | D:8      | Reached skill level 13 in Axes
  8094 | D:8      | Reached skill level 10 in Fighting
  8106 | D:8      | Found a staircase to the Lair.
  8563 | D:8      | Found a white marble altar of Elyvilon.
  8576 | D:8      | Found a radiant altar of Vehumet.
  9057 | D:9      | Noticed a cyclops
  9072 | D:9      | Killed a cyclops
  9193 | D:9      | Reached XP level 11. HP: 104/104 MP: 10/10
  9861 | D:9      | Reached ***** piety under Trog
 10437 | D:10     | Entered Level 10 of the Dungeon
 10548 | D:10     | Reached skill level 14 in Axes
 10636 | D:10     | Noticed a two-headed ogre
 10647 | D:10     | Killed a two-headed ogre
 11046 | D:10     | Found a staircase to the Orcish Mines.
 11119 | D:10     | Paralysed by a hornet for 3 turns
 11214 | D:10     | Found a burning altar of Makhleb.
 12152 | D:11     | Reached skill level 15 in Axes
 12365 | D:11     | Noticed a two-headed ogre
 12374 | D:11     | Killed a two-headed ogre
 12376 | D:11     | Reached skill level 16 in Axes
 12523 | D:11     | Received a gift from Trog
 13053 | D:12     | Noticed a six-headed hydra
 13061 | D:12     | Killed a two-headed hydra
 13062 | D:12     | Reached XP level 12. HP: 101/117 MP: 11/11
 13150 | D:12     | Noticed a boulder beetle
 13159 | D:12     | Killed a boulder beetle
 13179 | D:12     | Identified 2 scrolls of acquirement
 13329 | D:12     | Noticed a boulder beetle
 13339 | D:12     | Killed a boulder beetle
 13340 | D:12     | Reached skill level 17 in Axes
 13445 | D:12     | Noticed a two-headed ogre
 13458 | D:12     | Killed a two-headed ogre
 13469 | D:12     | Noticed a two-headed ogre
 13474 | D:12     | Killed a two-headed ogre
 13739 | D:12     | Reached skill level 18 in Axes
 14219 | D:13     | Found Xezopeki's Distillery.
 14224 | D:13     | Bought a potion of degeneration for 13 gold pieces
 14224 | D:13     | Bought a potion of heal wounds for 65 gold pieces
 14224 | D:13     | Bought a potion of resistance for 130 gold pieces
 14224 | D:13     | Bought a potion of invisibility for 104 gold pieces
 14224 | D:13     | Bought a potion of lignification for 39 gold pieces
 14227 | D:13     | Found Ocwug's Book Shop.
 14280 | D:13     | Noticed a centaur warrior
 14295 | D:13     | Killed a centaur warrior
 14304 | D:13     | Reached skill level 19 in Axes
 14524 | D:13     | Noticed a yaktaur captain
 14793 | D:13     | Identified the ring of Wehameeg {rN+ rCorr Slay+2}
 14844 | D:13     | Noticed a centaur warrior
 14856 | D:13     | Killed a centaur warrior
 14870 | D:13     | Killed a yaktaur captain
 14890 | D:13     | Noticed a boulder beetle
 14897 | D:13     | Killed a boulder beetle
 15037 | D:13     | Found Meteuh's Jewellery Shoppe.
 15048 | D:13     | Found a gate to the Vaults.
 15081 | D:13     | Found Imath's Assorted Antiques.
 15089 | D:13     | Bought a scroll of identify for 74 gold pieces
 15089 | D:13     | Bought a scroll labelled IPUFFE GEISERCH for 37 gold pieces
 15201 | D:13     | Found Sivyituett's Antique Armour Boutique.
 15316 | D:13     | Noticed a boulder beetle
 15331 | D:13     | Killed a boulder beetle
 15672 | D:14     | Noticed a centaur warrior
 15848 | D:13     | Killed a centaur warrior
 15849 | D:13     | Reached skill level 20 in Axes
 15849 | D:13     | Reached XP level 13. HP: 97/124 MP: 12/12
 16217 | D:14     | Found a runed translucent door.
 16219 | D:14     | Noticed Weuhagh's ghost (journeyman KoHu)
 16222 | D:14     | Identified the +2 spear "Weril" {venom, *Noise Dex+4}
 16224 | D:14     | Identified the +3 morningstar "Cithruizyf" {speed, rF- rC++
                  | Will+}
 16227 | D:14     | Noticed Frances
 16251 | D:14     | Killed Frances
 16252 | D:14     | Reached skill level 15 in Fighting
 17349 | D:15     | Entered Level 15 of the Dungeon
 17541 | D:15     | Identified Roxanne's Verses on Changing
 17541 | D:15     | Noticed Roxanne
 17783 | D:15     | Found a staircase to the Depths.
 17885 | D:15     | Noticed Jorgrun
 17896 | D:15     | Reached skill level 10 in Armour
 17905 | D:15     | Killed Jorgrun
 18130 | D:15     | Noticed Rupert
 18133 | D:15     | Paralysed by Rupert for 3 turns
 18146 | D:15     | Killed Rupert
 18182 | D:15     | Found an ancient bone altar of Kikubaaqudgha.
 18990 | D:15     | Killed Roxanne
 18991 | D:15     | Reached XP level 14. HP: 123/135 MP: 13/13
 19140 | Lair:1   | Entered Level 1 of the Lair of Beasts
 19385 | Lair:1   | Reached skill level 1 in Stealth
 20051 | Lair:2   | Reached ****** piety under Trog
 20051 | Lair:2   | Received a gift from Trog
 20203 | Lair:2   | Identified the +4 hand axe "Ichal" {spect, rPois}
 20254 | Lair:2   | Found a staircase to the Shoals.
 21329 | Lair:3   | Identified the +2 trident "Newtbane" {pain, rElec rF- Int+2
                  | Dex+6}
 21635 | Lair:3   | Reached skill level 10 in Dodging
 21685 | Lair:3   | Found a staircase to the Snake Pit.
 21712 | Lair:3   | Reached skill level 5 in Stealth
 21751 | Lair:3   | Received a gift from Trog
 22182 | Lair:3   | Found a staircase to the Snake Pit.
 23004 | Lair:4   | Found a staircase to the Slime Pits.
 23005 | Lair:4   | Found a viscous altar of Jiyva.
 23577 | Lair:5   | Entered Level 5 of the Lair of Beasts
 23593 | Lair:5   | Reached XP level 15. HP: 135/144 MP: 14/14
 23682 | Lair:5   | Received a gift from Trog
 23704 | Lair:5   | Identified the +6 short sword of Destruction {flame, Str+3}
 24440 | Lair:5   | Reached skill level 1 in Shields
 25128 | Orc:1    | Entered Level 1 of the Orcish Mines
 25128 | Orc:1    | Noticed Sonja
 25134 | Orc:1    | Killed Sonja
 25141 | Orc:1    | Noticed Nergalle
 25147 | Orc:1    | Killed Nergalle
 25201 | Orc:1    | Received a gift from Trog
 25334 | Orc:1    | Reached skill level 5 in Shields
 25469 | Orc:2    | Entered Level 2 of the Orcish Mines
 25590 | Orc:2    | Found a staircase to the Elven Halls.
 25674 | Orc:2    | Paralysed by an ogre mage for 2 turns
 25686 | Orc:2    | Paralysed by something for 3 turns
 25929 | Orc:2    | Found Neleruy's General Store.
 25931 | Orc:2    | Found Zofyihyp's Jewellery Shop.
 25931 | Orc:2    | Found Vuell's Jewellery Emporium.
 25931 | Orc:2    | Found Pockuthreru's Magic Scroll Shop.
 25941 | Orc:2    | Received a gift from Trog
 26005 | Orc:2    | Bought a +1 hat of see invisible for 176 gold pieces
 26164 | Orc:2    | Reached skill level 10 in Shields
 26804 | Snake:1  | Entered Level 1 of the Snake Pit
 26996 | Snake:1  | Reached XP level 16. HP: 155/158 MP: 15/15
 28458 | Snake:2  | Slain by a shock serpent

Illustrated notes

Levels and vault maps discovered:
D:1:      giann_horns, layout_loops_ring, serial_shops, shop,
          supply_closet_lemuel
D:2:      layout_basic, uniq_sigmund, uniq_terence, uniq_robin
D:3:      layout_basic, hangedman_decor_push, serial_bayou_pond_e, uniq_jessica
D:4:      layout_basic, riverfiend_overflow_shadow_ancestor,
          hangedman_feature_mirror
D:5:      layout_loops_ring, dk_yredelemnul_ordeal, old_standard_altar,
          minmay_temple_entry_statues_fountains, minmay_bent
D:6:      layout_basic, lemuel_crystal_altar
D:7:      nzn_winding_woodlands_three_and_one
          [nzn_winding_woodlands_5x15_lazy_stream,
          nzn_winding_woodlands_5x15_pathside_ponds,
          nzn_winding_woodlands_5x15_jagged,
          nzn_winding_woodlands_center_garden], layout_basic,
          nicolae_overflow_quartered_altars, uniq_menkaure
D:8:      layout_rooms, mainiacjoe_overflow_paths,
          nicolae_elyvilon_peaceful_grove, due_lair_maze_entry_diamond,
          nicolae_concentric_dashed_squares_wild, uniq_maurice
D:9:      layout_roguey [special_room_orc], kennysheep_cross_room,
          minmay_misc_feat_tower, kennysheep_kite_vault
D:10:     layout_basic, mainiacjoe_overflow_alcove_2, orc_0_dummy,
          roderic_serpentine_path
D:11:     layout_rooms, st_stairs_5
D:12:     layout_roguey, hangedman_corner_corridor
D:13:     layout_stronghold, david_vaults_2, serial_shops, shop, shop, shop,
          nicolae_shop_hallway_plus, shop, small_statue_intersection
D:14:     layout_roguey, ebering_ghost_funeral_grove, uniq_frances
D:15:     grunt_enter_depths_magical_seal, layout_irregular_city,
          kiku_gazebo_garden_becter, lemuel_flamethrower_2, uniq_roxanne,
          uniq_rupert, uniq_jorgrun
Lair:1:   wander_river, layout_regular_city
Lair:2:   cheibrodos_lair_river_kwai, layout_regular_city,
          elwin_shoals_entry_rocks
Lair:3:   layout_hall_layers, minmay_snake_entry_guardpost_small,
          beast_lair_carwin_8
Lair:4:   layout_cave_pods, minmay_slime_entry_pillars,
          chequers_serial_rivers_micro_d, serial_bayou_pond_e,
          serial_bayou_shore_a
Lair:5:   minmay_lair_end_enchanted_forest, layout_misc_corridors,
          fungi_pond_lemuel, grunt_forest_large_clearing_hut
Snake:1:  layout_onion_interference
Snake:2:  layout_cave_shapes, st_stairs_12, drop_trap, grunt_ministairs_13,
          uniq_vashnia
Orc:1:    layout_caves, david_defended_altar_orc, uniq_nergalle, uniq_sonja
Orc:2:    st_orc_ogre_mass, layout_caves, nicolae_orc_tapped_out

Skill      XL: |  1  2  3  4  5  6  7  8  9 10 11 12 13 14 15 |
---------------+----------------------------------------------+-----
Axes           | 4 5 6 8 11 13 16 20 | 20.3
Armour         | 5 6 13 | 13.7
Dodging        | 5 7 12 | 12.0
Fighting       | 7 8 12 14 15 16 18 | 18.3
Stealth        | 6 |  6.0
Shields        | 10 | 10.0

Action                     |  1- 3 |  4- 6 |  7- 9 | 10-12 | 13-15 | 16-18 || total
---------------------------+-------+-------+-------+-------+-------+-------++-------
  Melee: Hand axe          |    52 |    79 |   224 |       |       |       ||   355
         Headbutt          |     6 |    10 |    63 |    93 |   196 |    10 ||   378
         Punch             |       |       |     3 |       |       |       ||     3
         War axe           |       |       |    98 |    38 |       |       ||   136
         Scythe            |       |       |       |   368 |       |       ||   368
         Battleaxe         |       |       |       |   134 |   857 |    42 ||  1033
 Invoke: Berserk           |     2 |     4 |     2 |     4 |     5 |     1 ||    18
         Trog's Hand       |       |       |       |       |     4 |       ||     4
         Brothers in Arms  |       |       |       |       |     2 |       ||     2
    Use: Scroll            |       |       |     6 |    12 |     8 |       ||    26
         Potion            |       |       |       |       |     1 |       ||     1
   Stab: Petrifying        |       |       |       |       |     3 |       ||     3
         Sleeping          |       |       |       |       |     2 |     6 ||     8
         Petrified         |       |       |       |       |     2 |       ||     2
         Distracted        |       |       |       |       |       |     1 ||     1
 Armour: Animal skin       |     6 |       |       |       |       |       ||     6
         Chain mail        |       |    46 |   199 |   328 |   516 |       ||  1089
         Ring mail         |       |       |       |       |     5 |    13 ||    18
  Dodge: Dodged            |    27 |    54 |   160 |   272 |   443 |    18 ||   974
